 Dungeon Crawl Stone Soup version 0.21-a0-29-g43b3074 (webtiles) character file.

189166 xgamer67 the Bludgeoner (level 18, -7/146 HPs)
             Began as a Barachi Berserker on May 26, 2017.
             Was the Champion of Trog.
             Blown up by an orb spider (44 damage)
             ... with an orb of destruction
             ... on level 3 of the Spider Nest.
             The game lasted 02:35:24 (43634 turns).

xgamer67 the Bludgeoner (Barachi Berserker)        Turns: 43634, Time: 02:35:25

Health: -7/146     AC: 24    Str: 28    XL:     18   Next: 12%
Magic:  11/27      EV: 23    Int:  8    God:    Trog [******]
Gold:   992        SH:  0    Dex: 17    Spells: 17/17 levels left

rFire    + . .     SeeInvis +   b - +3 arbalest (freeze)
rCold    + . .     Gourm    +   (shield currently unavailable)
rNeg     . . .     Faith    .   Z - +4 chain mail
rPois    +         Spirit   .   l - +0 helmet "Azeetad" {Str+2}
rElec    .         Reflect  .   T - scarf {rC+ rF+}
rCorr    .         Harm     .   F - +2 pair of gloves
MR       +....                  W - +1 pair of boots
Stlth    ++........             v - amulet of the gourmand
Regen    0.4/turn               j - +6 ring of evasion
MPRegen  0.2/turn               U - ring "Izayl" {rPois Str+5 SInv}

@: lethally poisoned (-7 -> -16), slow
A: +LOS, swims, slowness 1, strong legs 2
}: 1/15 runes: decaying
a: Hop, Berserk, Trog's Hand, Brothers in Arms, Burn Spellbooks, Renounce
Religion


You were on level 3 of the Spider Nest.
You worshipped Trog.
Trog was exalted by your worship.
You were very full.

You visited 5 branches of the dungeon, and saw 30 of its levels.

You collected 2893 gold pieces.
You spent 1901 gold pieces at shops.

Inventory:

Hand Weapons
 a - a +9 antimagic great mace
 b - a +3 arbalest of freezing (weapon)
 A - a +0 blowgun
Missiles
 z - 11 curare-tipped needles
 P - 190 bolts (quivered)
 V - 2 javelins of penetration
Armour
 l - the +0 helmet "Azeetad" (worn) {Str+2}
   (You bought it in a shop on level 1 of the Orcish Mines)

   It affects your strength (+2).
 F - a +2 pair of gloves (worn)
 T - a scarf of resistance (worn)
 W - a +1 pair of boots (worn)
 Z - a +4 chain mail (worn)
Jewellery
 e - an uncursed ring of protection from magic
 j - a +6 ring of evasion (left hand)
 v - an amulet of the gourmand (around neck)
 x - an uncursed ring of protection from cold
 D - an uncursed ring of protection from fire
 L - an uncursed ring of positive energy
 O - an uncursed ring of resist corrosion
 U - the ring "Izayl" (right hand) {rPois Str+5 SInv}
   (You bought it in a shop on level 1 of the Orcish Mines)

   [ring of poison resistance]

   It affects your strength (+5).
   It protects you from poison.
   It lets you see invisible.
Wands
 n - a wand of clouds (6/9)
 t - a wand of digging (16/24)
 u - a wand of acid (10/15)
 G - a wand of iceblast (9/15)
 I - a wand of paralysis (13/24)
 J - a wand of clouds (6/9)
 K - a wand of confusion (25/48)
 M - a wand of lightning (6/15)
 S - a wand of disintegration (16/24)
Scrolls
 f - 7 scrolls of identify
 i - 10 scrolls of teleportation
 k - 5 scrolls of fog
 m - 4 scrolls of fear
 p - 5 scrolls of blinking
 q - 3 scrolls of recharging
 r - 10 scrolls of remove curse
 y - 4 scrolls of enchant weapon
 B - 2 scrolls of enchant armour
 E - a scroll of magic mapping
 N - 2 scrolls of holy word
 R - a scroll of immolation
Potions
 d - 6 potions of cancellation
 g - a potion of heal wounds
 h - 3 potions of haste
 o - 16 potions of curing
 C - a potion of resistance
 Y - 5 potions of might
Miscellaneous
 Q - a box of beasts
 X - a fan of gales
Comestibles
 c - 18 bread rations
 w - 30 fruits
 H - 30 royal jellies


   Skills:
 - Level 14.0 Fighting
   Level 4.3 Long Blades
 * Level 19.5 Maces & Flails
 + Level 9.0 Crossbows
 - Level 14.0 Armour
 - Level 12.0 Dodging
 - Level 10.0 Stealth
 - Level 12.3 Evocations


You had 17 spell levels left.
You didn't know any spells.

Dungeon Overview and Level Annotations

Branches:
Dungeon (15/15)            Temple (0/1) D:5            Lair (6/6) D:9
  Swamp (4/4) Lair:3       Spider (3/4) Lair:4        Slime (0/5) Lair:6
    Orc (2/2) D:10            Elf (0/3) Orc:2        Vaults (0/5) D:14
 Depths (0/5) D:15

Altars:
Ashenzari
Cheibriados
Elyvilon
Gozag
Hepliaklqana
Kikubaaqudgha
Okawaru
Qazlal
Ru
Sif Muna
Trog
Uskayaw
Vehumet
Wu Jian
Xom
Zin
The Shining One
Beogh
Jiyva

Shops:
D:2 *   D:15 (   Orc:1 [(=*   Orc:2 [}}!

Portals:
Trove: D:11 (give 17 scrolls of identify)

Annotations:
Lair:6 1 runed door


Innate Abilities, Weirdness & Mutations

Shadows flee at your approach. (+LOS)
You can swim through water.
You cover ground slowly.
You can hop longer distances.


Message History

The bolt freezes the orb spider.
The orb spider is almost dead.
You feel very sick.
The orb spider pulsates with a strange energy.
Firing (i - inventory. (,) - cycle):
P - 192 bolts (quivered)
Press: ? - help, Shift-Dir - straight line, f/p - orb spider
Aim: an orb spider (almost dead, fully charged)
You shoot a bolt. The bolt barely misses the orb spider.
You feel sick.
The orb spider weaves a glowing orb of energy.
An orb of destruction comes into view.
Firing (i - inventory. (,) - cycle):
P - 191 bolts (quivered)
Press: ? - help, Shift-Dir - straight line, f/p - orb spider
Aim: an orb spider (almost dead)
You shoot a bolt. The bolt hits the orb spider!
The bolt freezes the orb spider.
You kill the orb spider!
Trog accepts your kill.
Your Crossbows skill increases to level 9!
You feel sick. The orb of destruction hits you!
You die...

#### ..#####
#!....#
###^....##
##...<$...#
#.....†..##
###......#
###...†..#
#^....†@##
#...#^.§##
##.....§*.
#....(((.#
#^.......#
#........(
.........#.#
.............
...^..(.....(.


There were no monsters in sight!

Vanquished Creatures
  Jorgrun (Swamp:2)
  Rupert (D:13)
  A thorn hunter (Swamp:1)
  A ghost moth (Spider:2)
  Aizul (Swamp:2)
  An emperor scorpion (Spider:3)
  An orc warlord (Orc:1)
  An entropy weaver (Spider:1)
  A dire elephant (Lair:6)
  17 hydras
  2 ice dragons (Swamp:4)
  Harold (D:10)
  A yaktaur captain (D:15)
  3 catoblepae
  Fannar (Lair:3)
  Josephine (D:12)
  A ghost crab (Swamp:4)
  Erolcha (Orc:2)
  3 ogre magi (Orc:2)
  Erica (D:8)
  6 two-headed ogres
  7 alligators
  3 centaur warriors
  An anaconda (Swamp:2)
  8 death yaks
  A deep troll shaman (Lair:6)
  Urug (Lair:4)
  Sonja (Lair:3)
  Nergalle (Orc:1)
  A spriggan druid (Swamp:4)
  2 unseen horrors
  5 swamp dragons
  3 shambling mangroves
  A lindwurm (D:14)
  2 wizards
  A phantasmal warrior (D:14)
  A necromancer (Lair:3)
  2 orc knights (Orc:2)
  4 orb spiders
  15 wolf spiders
  5 oklob plants
  6 orc sorcerers (Orc:2)
  A deep elf mage (D:15)
  8 ugly things
  7 cyclopes
  2 manticores
  Joseph (D:9)
  25 elephants
  8 black mambas
  2 gargoyles
  17 spiny frogs
  2 torpor snails
  3 kobold demonologists
  4 freezing wraiths (Swamp:4)
  An efreet (D:13)
  9 komodo dragons
  6 rime drakes
  A yaktaur (D:15)
  6 demonic crawlers
  A tengu conjurer (D:14)
  7 trolls
  3 polar bears
  15 jumping spiders
  A queen bee (Lair:3)
  Prince Ribbit (Lair:2)
  13 hornets
  19 hippogriffs
  13 slime creatures
  5 tyrant leeches
  31 blink frogs
  9 bog bodies
  6 shadows
  33 redbacks
  34 yaks
  7 spriggans
  8 tarantellas
  4 wraiths (D:12)
  10 basilisks
  8 wyverns
  A steam dragon (D:10)
  4 swamp worm simulacra (Swamp:4)
  2 hungry ghosts
  10 insubstantial wisps
  3 wargs
  9 vampire mosquitoes
  16 swamp worms
  An acid dragon (D:9)
  14 hydra simulacra (Swamp:4)
  A hell hound (Lair:5)
  14 water moccasins
  The ghost of anet the Magician, an amateur DEWz (D:3)
  An acid dragon (shapeshifter) (D:13)
  23 orc warriors
  9 porcupines
  Duvessa (D:6)
  6 ice beasts
  9 sky beasts
  7 swamp drakes
  2 black bears
  11 ogres
  2 phantoms
  14 centaurs
  14 crocodiles
  22 wolves
  3 big kobolds
  21 bullfrogs
  2 water moccasin zombies (D:5)
  Dowan (D:6)
  A wyvern skeleton (D:14)
  A wyvern zombie (D:13)
  5 scorpions
  30 killer bees
  6 howler monkeys
  4 wights (D:13)
  10 crimson imps
  A centaur zombie (D:9)
  9 hounds
  2 bullfrog zombies
  A bullfrog skeleton (D:8)
  2 jellies
  16 orc priests
  6 centaur skeletons
  An iron imp (D:6)
  Jessica (D:2)
  6 iguanas
  43 orc wizards
  12 worker ants
  2 polar bear simulacra (Lair:3)
  2 hell rats (Lair:2)
  5 wolf simulacra (Lair:3)
  A yak simulacrum (Lair:3)
  5 hound skeletons
  20 adders
  10 gnolls
  8 river rats (Lair:2)
  A howler monkey skeleton (D:9)
  4 shadow imps
  A white imp (D:6)
  2 oozes
  4 swamp drake simulacra (Swamp:4)
  An adder zombie (D:8)
  16 worms
  3 dart slugs
  4 leopard geckos
  78 orcs
  3 bats
  6 giant cockroaches
  11 hobgoblins
  17 jackals
  17 kobolds
  3 ball pythons
  5 frilled lizards
  8 goblins
  5 goblin skeletons (D:6)
  2 goblin zombies (D:6)
  A hobgoblin zombie (D:6)
  2 kobold zombies (D:6)
  A leopard gecko zombie (D:6)
  An orc skeleton (D:6)
  An orc zombie (D:6)
  9 rats
  3 river rat simulacra (Lair:3)
  3 plants
1095 creatures vanquished.

Vanquished Creatures (collateral kills)
  Donald (Orc:2)
  2 death yaks (Lair:6)
  2 orc sorcerers (Orc:2)
  A troll (D:9)
  An ogre (Orc:2)
7 creatures vanquished.

Vanquished Creatures (others)
  A thorn hunter (Swamp:4)
  An azure jelly (Swamp:4)
  A centaur (D:11)
  An orc wizard (Orc:2)
  A kobold (D:12)
  16 fungi
  26 plants
47 creatures vanquished.

Grand Total: 1149 creatures vanquished

Notes
Turn   | Place    | Note
-------+----------+-------------------------------------------
     0 | D:1      | xgamer67 the Barachi Berserker began the quest for the Orb.
     0 | D:1      | Reached XP level 1. HP: 18/18 MP: 1/1
   772 | D:1      | Reached XP level 2. HP: 24/24 MP: 2/2
   951 | D:1      | Reached skill level 1 in Maces & Flails
  1111 | D:2      | Noticed Jessica
  1119 | D:2      | Killed Jessica
  1119 | D:2      | Reached skill level 2 in Maces & Flails
  1119 | D:2      | Reached XP level 3. HP: 19/29 MP: 3/3
  1356 | D:2      | Reached skill level 3 in Maces & Flails
  1356 | D:2      | Reached XP level 4. HP: 34/36 MP: 4/4
  1373 | D:2      | Reached ** piety under Trog
  1612 | D:2      | Found Zin's Purification Station.
  1615 | D:2      | Found a glowing silver altar of Zin.
  1924 | D:3      | Reached skill level 4 in Maces & Flails
  1934 | D:3      | Reached XP level 5. HP: 40/41 MP: 5/5
  1939 | D:3      | Noticed anet's ghost (amateur DEWz)
  1952 | D:3      | Killed anet's ghost
  1952 | D:3      | Reached skill level 5 in Maces & Flails
  1952 | D:3      | Reached XP level 6. HP: 47/47 MP: 6/6
  2120 | D:3      | Reached skill level 6 in Maces & Flails
  2718 | D:4      | Reached skill level 7 in Maces & Flails
  2762 | D:4      | Reached XP level 7. HP: 44/52 MP: 7/7
  2868 | D:4      | Reached *** piety under Trog
  3174 | D:4      | Reached skill level 8 in Maces & Flails
  3424 | D:4      | Found a sacrificial altar of Ru.
  3482 | D:5      | Entered Level 5 of the Dungeon
  3521 | D:5      | Found a staircase to the Ecumenical Temple.
  3666 | D:5      | Reached XP level 8. HP: 53/60 MP: 8/8
  3840 | D:5      | Found a deep blue altar of Sif Muna.
  4027 | D:5      | Found a hazy altar of Hepliaklqana.
  4689 | D:6      | Noticed a wyvern
  4693 | D:6      | Killed a wyvern
  4693 | D:6      | Reached skill level 5 in Dodging
  4746 | D:6      | Found a shimmering altar of Xom.
  4748 | D:6      | Found a shimmering altar of Xom.
  4749 | D:6      | Found a shimmering altar of Xom.
  4750 | D:6      | Found a shimmering altar of Xom.
  4750 | D:6      | Found a shimmering altar of Xom.
  4750 | D:6      | Found a shimmering altar of Xom.
  4751 | D:6      | Found a shimmering altar of Xom.
  4878 | D:6      | Reached skill level 9 in Maces & Flails
  5102 | D:6      | Reached **** piety under Trog
  5102 | D:6      | Reached skill level 5 in Armour
  5163 | D:6      | Reached skill level 5 in Fighting
  5172 | D:6      | Reached XP level 9. HP: 68/68 MP: 9/9
  5280 | D:6      | Noticed Duvessa
  5285 | D:6      | Noticed Dowan
  5287 | D:6      | Killed Duvessa
  5293 | D:6      | Killed Dowan
  5432 | D:6      | Found a glowing golden altar of the Shining One.
  5684 | D:6      | Reached skill level 10 in Maces & Flails
  5709 | D:6      | Found a snail-covered altar of Cheibriados.
  5723 | D:6      | Reached ***** piety under Trog
  6171 | D:6      | Found an ornate altar of the Wu Jian Council.
  6513 | D:7      | Noticed a moth of wrath
  6528 | D:7      | Found a bloodstained altar of Trog.
  6964 | D:7      | Reached skill level 11 in Maces & Flails
  6964 | D:7      | Reached XP level 10. HP: 74/79 MP: 10/10
  7124 | D:7      | Found an opulent altar of Gozag.
  7206 | D:7      | Found a shattered altar of Ashenzari.
  7302 | D:8      | Noticed Erica
  7510 | D:8      | Got a fine ring mail
  7529 | D:9      | Found a shattered altar of Ashenzari.
  7546 | D:9      | Identified the cursed +0 ring mail of Kunnomakyps {*Drain rC+ Int+8 Dex+2} (You found it on level 8 of the Dungeon)
  7584 | D:9      | Noticed a two-headed ogre
  7601 | D:9      | Killed a two-headed ogre
  7601 | D:9      | Reached skill level 12 in Maces & Flails
  7870 | D:9      | Reached skill level 1 in Stealth
  7875 | D:9      | Reached skill level 1 in Evocations
  8336 | D:9      | Found an iron altar of Okawaru.
  8902 | D:9      | Found a stormy altar of Qazlal.
  8902 | D:9      | Found a radiant altar of Vehumet.
  8903 | D:9      | Found a white marble altar of Elyvilon.
  8947 | D:9      | Reached skill level 5 in Evocations
  9048 | D:9      | Noticed Joseph
  9070 | D:9      | Reached XP level 11. HP: 37/84 MP: 14/14
  9684 | D:9      | Found a staircase to the Lair.
  9774 | D:10     | Entered Level 10 of the Dungeon
  9847 | D:10     | Found a staircase to the Orcish Mines.
  9930 | D:10     | Noticed a two-headed ogre
  9944 | D:10     | Killed a two-headed ogre
  9945 | D:10     | Noticed Harold
 10014 | D:9      | Killed Joseph
 10226 | Lair:1   | Entered Level 1 of the Lair of Beasts
 10784 | Lair:1   | Received a gift from Trog
 11494 | Lair:2   | Noticed Prince Ribbit
 11529 | Lair:2   | Killed Prince Ribbit
 11996 | Lair:3   | Noticed a five-headed hydra
 12402 | Lair:3   | Reached skill level 13 in Maces & Flails
 12830 | Lair:3   | Noticed a six-headed hydra
 12845 | Lair:3   | Killed a six-headed hydra
 12845 | Lair:3   | Reached XP level 12. HP: 95/95 MP: 16/16
 12898 | Lair:3   | Found a staircase to the Swamp.
 12916 | Lair:3   | Noticed Sonja
 13154 | Lair:3   | Killed a five-headed hydra
 13154 | Lair:3   | Reached skill level 14 in Maces & Flails
 13407 | Lair:4   | Noticed a five-headed hydra
 13484 | Lair:3   | Reached skill level 10 in Armour
 13803 | Lair:4   | Killed a five-headed hydra
 13803 | Lair:4   | Reached skill level 10 in Fighting
 14332 | Lair:4   | Reached skill level 5 in Stealth
 14531 | Lair:4   | Found a hole to the Spider Nest.
 14538 | Lair:4   | Noticed a catoblepas
 14559 | Lair:4   | Killed a catoblepas
 14757 | Lair:4   | Gained mutation: You can hop longer distances. [Barachi growth]
 14757 | Lair:4   | Reached XP level 13. HP: 88/104 MP: 17/17
 15204 | Lair:4   | Noticed Urug
 15234 | Lair:4   | Killed Urug
 15542 | Lair:5   | Received a gift from Trog
 16875 | Lair:5   | Reached skill level 10 in Dodging
 17424 | Lair:6   | Entered Level 6 of the Lair of Beasts
 17791 | Lair:6   | Found a runed door.
 17792 | Lair:6   | Found a viscous altar of Jiyva.
 17793 | Lair:6   | Found a staircase to the Slime Pits.
 18047 | Lair:6   | Reached XP level 14. HP: 11/115 MP: 19/19
 18518 | Lair:6   | Identified a scroll of acquirement
 18520 | Lair:6   | Got a transparent cloak
 18531 | Lair:6   | Identified the -6 cloak of Space {Str+3 Slay+3} (You acquired it on level 6 of the Lair of Beasts)
 19740 | Lair:6   | Reached skill level 10 in Evocations
 20037 | Lair:6   | Noticed a dire elephant
 20064 | Lair:6   | Killed a dire elephant
 20237 | Lair:6   | Got a slimy silver amulet
 20239 | Lair:6   | Upgraded the game from 0.21-a0-26-g7b23a2f to 0.21-a0-29-g43b3074
 20253 | Lair:6   | Identified the amulet "Inugeriz" {Harm *Drain rF++ MR+ Dex-3 SInv} (You found it on level 6 of the Lair of Beasts)
 20712 | Lair:3   | Killed Sonja
 20770 | Lair:3   | Noticed Fannar
 20799 | Lair:3   | Killed Fannar
 22051 | Lair:3   | Received a gift from Trog
 22534 | Lair:3   | Reached XP level 15. HP: 123/123 MP: 21/23
 22965 | D:8      | Killed Erica
 23200 | D:8      | Found an opulent altar of Gozag.
 23553 | D:8      | Found a hide-covered altar of Uskayaw.
 23864 | D:10     | Killed Harold
 24704 | D:11     | Reached skill level 15 in Maces & Flails
 25583 | D:11     | Found a portal to a secret trove of treasure.
 26869 | D:12     | Received a gift from Trog
 26932 | D:12     | Noticed Josephine
 26946 | D:12     | Killed Josephine
 26946 | D:12     | Reached skill level 16 in Maces & Flails
 27826 | D:13     | Noticed Rupert
 27848 | D:13     | Killed Rupert
 29129 | D:13     | Received a gift from Trog
 30544 | D:14     | Found a gate to the Vaults.
 30585 | D:15     | Entered Level 15 of the Dungeon
 30737 | Orc:1    | Entered Level 1 of the Orcish Mines
 30918 | Orc:1    | Reached ****** piety under Trog
 30926 | Orc:1    | Received a gift from Trog
 30983 | Orc:1    | Found Xuppec's General Store.
 31084 | Orc:1    | Found Omaicyde's Jewellery Shop.
 31093 | Orc:1    | Found Orefoal's Weapon Emporium.
 31096 | Orc:1    | Reached XP level 16. HP: 131/133 MP: 24/24
 31211 | Orc:1    | Noticed Nergalle
 31232 | Orc:1    | Killed Nergalle
 31256 | Orc:1    | Found Kairr's Armour Boutique.
 31558 | Orc:2    | Entered Level 2 of the Orcish Mines
 32249 | Orc:2    | Found a staircase to the Elven Halls.
 32447 | Orc:2    | Found Vumeatt's Antique Armour Shop.
 32481 | Orc:2    | Found Xoamitate's Gadget Boutique.
 32502 | Orc:2    | Found a radiant altar of Vehumet.
 32502 | Orc:2    | Noticed Erolcha
 32515 | Orc:2    | Killed Erolcha
 32526 | Orc:2    | Received a gift from Trog
 32529 | Orc:2    | Found Lesite's Gadget Boutique.
 32533 | Orc:2    | Noticed Donald
 32541 | Orc:2    | Found an ancient bone altar of Kikubaaqudgha.
 32954 | Orc:2    | Killed Donald
 33108 | Orc:2    | Found a roughly hewn altar of Beogh.
 33169 | Orc:2    | Found Robarask's Distillery.
 33193 | Orc:2    | Bought a potion of heal wounds for 70 gold pieces
 33442 | Orc:1    | Bought the ring "Izayl" {rPois Str+5 SInv} for 750 gold pieces
 33457 | Orc:1    | Bought the +0 helmet "Azeetad" {Str+2} for 172 gold pieces
 33457 | Orc:1    | Bought a +2 pair of gloves for 181 gold pieces
 33562 | Orc:2    | Bought a runed plate armour for 728 gold pieces
 33890 | D:15     | Found a staircase to the Depths.
 34004 | D:15     | Found Pijuusm's Weapon Boutique.
 34241 | D:15     | Reached skill level 1 in Crossbows
 34939 | D:10     | Reached skill level 10 in Stealth
 35093 | Swamp:1  | Entered Level 1 of the Swamp
 35372 | Swamp:1  | Received a gift from Trog
 36572 | Swamp:2  | Noticed Jorgrun
 36583 | Swamp:2  | Killed Jorgrun
 37033 | Swamp:2  | Noticed Aizul
 37057 | Swamp:2  | Killed Aizul
 37285 | Swamp:2  | Reached skill level 17 in Maces & Flails
 37298 | Swamp:2  | Reached skill level 5 in Crossbows
 37541 | Swamp:2  | Reached XP level 17. HP: 130/139 MP: 8/26
 38036 | Swamp:3  | Received a gift from Trog
 38818 | Swamp:4  | Entered Level 4 of the Swamp
 39273 | Swamp:4  | Reached skill level 18 in Maces & Flails
 40536 | Swamp:4  | Received a gift from Trog
 40769 | Swamp:4  | Got a decaying rune of Zot
 40980 | Spider:1 | Entered Level 1 of the Spider Nest
 41190 | Spider:1 | Received a gift from Trog
 41782 | Spider:1 | Reached skill level 19 in Maces & Flails
 42088 | Spider:2 | Received a gift from Trog
 42948 | Spider:2 | Reached XP level 18. HP: 126/146 MP: 9/27
 43634 | Spider:3 | Blown up by an orb spider

Vault maps used:
D:1:      arrival_zaba_pyramid, minmay_pentomino_r2
D:2:      zin_purify, uniq_jessica
D:3:      grunt_ministairs_8
D:4:      marbit_many_paths, first_bread, corexii_item_surrounded_by_moat,
          st_stairs_10
D:5:      lemuel_round_altar, tgw_sif, temple_hall
D:6:      slow_altar_2, xom_redecorated, nicolae_tso_besieged_by_evil,
          lemuel_coloured_pillars_altar, uniq_duvessa
D:7:      grunt_gozag_statues, tgw_trog, overflow_temple_1_default
D:8:      kennysheep_mini, basic_altar, st_stairs_11, uniq_erica
D:9:      gammafunk_temple_overflow_claw, okawaru_trees_1, erik_lair_dragon,
          blue_anna_alchemist, evilmike_ruin_ashenzari, uniq_joseph
D:10:     david_orc_2, uniq_harold
D:11:     nicolae_trove_entry_diagonal, minmay_bent
D:12:     uniq_josephine
D:13:     worms_lemuel, uniq_rupert
D:14:     david_vaults_4
D:15:     grunt_enter_depths_snipers, serial_shops, shop,
          roderic_lattice_octagonal_star
Lair:2:   kennysheep_rathole, uniq_prince_ribbit2
Lair:3:   minmay_lair_oklob_tunnel, swamp_mist_pool, special_room,
          eino_house_with_fridge, uniq_fannar, uniq_sonja
Lair:4:   minmay_lair_venomous_thicket, spider_nest_entry_web_field,
          grunt_megastairs_2, uniq_urug
Lair:5:   special_room, serial_bayou_shore_b
Lair:6:   grunt_lair_end_beastmaster, slime_altar_2, minivault_26
Swamp:1:  hangedman_swamp_ruin_wall, swamp_pool2,
          nicolae_swamp_very_dense_foliage
Swamp:2:  evilmike_swamp_ruin_rubble_1, swamp_pool3, nicolae_swamp_snake_nest,
          uniq_jorgrun, uniq_aizul
Swamp:3:  evilmike_swamp_ruin_wall, swamp_pool2
Swamp:4:  swamp_icy
Spider:3: hangedman_spider_mandibles
Orc:1:    serial_shops, shop, nicolae_shop_behind_doors,
          nicolae_shop_window_shopping, nicolae_shop_trees,
          nicolae_shop_crystal, basic_altar, uniq_nergalle
Orc:2:    kennysheep_orc_mage_school, uniq_donald

Skill      XL: |  1  2  3  4  5  6  7  8  9 10 11 12 13 14 15 16 17 18 |
---------------+-------------------------------------------------------+-----
Long Blades    | 4 |  4.3
Maces & Flails | 2 3 4 5 7 8 9 11 12 13 14 16 17 19 | 19.5
Fighting       | 4 5 7 9 10 12 13 14 | 14.0
Armour         | 4 5 7 9 10 12 13 14 | 14.0
Dodging        | 3 5 8 9 11 12 | 12.0
Stealth        | 3 6 7 8 10 | 10.0
Evocations     | 5 6 7 10 11 12 | 12.3
Crossbows      | 5 8 9 |  9.0

Action                   |  1- 3 |  4- 6 |  7- 9 | 10-12 | 13-15 | 16-18 || total
-------------------------+-------+-------+-------+-------+-------+-------++-------
Melee: Falchion          |    29 |       |       |       |       |       ||    29
       Whip              |    35 |   125 |   472 |   839 |  2518 |   575 ||  4564
       Morningstar       |       |       |       |    10 |       |       ||    10
       Great mace        |       |       |       |       |     3 |   804 ||   807
 Fire: Arbalest          |       |       |       |       |       |    18 ||    18
Throw: Stone             |     4 |       |     6 |       |       |       ||    10
       Javelin           |       |       |       |       |     1 |     3 ||     4
       Throwing net      |       |       |       |       |     1 |       ||     1
Invok: Berserk           |     1 |     3 |     6 |    18 |    19 |    12 ||    59
       Brothers in Arms  |       |       |       |     4 |     1 |     2 ||     7
       Trog's Hand       |       |       |       |     4 |    10 |     4 ||    18
       Burn Spellbooks   |       |       |       |     1 |     5 |     1 ||     7
 Abil: Hop               |       |       |       |       |     9 |     4 ||    13
Evoke: Wand              |       |       |       |     1 |     7 |     4 ||    12
  Use: Scroll            |       |     3 |     2 |    16 |    15 |     8 ||    44
       Potion            |       |       |       |     2 |     3 |       ||     5
 Stab: Held in net/web   |       |       |       |     1 |       |       ||     1
       Invisible         |       |       |       |       |     1 |       ||     1
       Distracted        |       |       |       |       |     3 |     1 ||     4
       Sleeping          |       |       |       |       |     1 |     1 ||     2
       Confused          |       |       |       |       |       |     3 ||     3
  Eat: Chunk             |     3 |     8 |    20 |    38 |    77 |    56 ||   202
       Fruit             |       |       |       |    13 |    18 |       ||    31
Armor: Ring mail         |    14 |    34 |    20 |       |       |       ||    68
       Chain mail        |       |       |   130 |   300 |   773 |   445 ||  1648
Dodge: Dodged            |    43 |    56 |   133 |   322 |  1052 |  1245 ||  2851
       Rpst.: Falchion   |     5 |       |       |       |       |       ||     5
